General information
- name: BNet
- type: Ladder team game (AT/RT)
- host: Battle.net
- saver: Noinu
map: GnollWood
- players: 6
- length: 17:20
- speed: Fast
- version: 1.21 W3XP
- replay type: Public
» download(262 KB)
Players
team 1 (winner)
nemofulcrum (
green | 28 APM | 487 actions | 17:19)
3 Blademaster
2 Wind Walk
1 Critical Strike
» actions
| Assign group hotkey | 7 | |
| Basic commands | 2 | |
| Build / train | 35 | |
| ESC pressed | 2 | |
| Enter build submenu | 38 | |
| Enter hero's abilities submenu | 3 | |
| Give item / drop item | 1 | |
| Right click | 183 | |
| Select / deselect | 114 | |
| Select group hotkey | 54 | |
| Use ability | 48 | |
487 total
» units
» upgrades
| Spiked Barricades | 2 | |
| Envenomed Spears | 1 | |
| Liquid Fire | 1 | |
4 total
» buildings
| Orc Burrow | 3 | |
| Altar of Storms | 1 | |
| War Mill | 1 | |
| Watch Tower | 19 | |
| Voodoo Lounge | 1 | |
| Stronghold | 1 | |
| Beastiary | 4 | |
| Fortress | 1 | |
31 total
» build order
00:05 Orc Burrow
00:08 Altar of Storms
00:41 War Mill
01:59 Orc Burrow
02:09 Watch Tower
02:30 Watch Tower
03:35 Watch Tower
03:42 Watch Tower
03:46 Watch Tower
03:58 Voodoo Lounge
04:29 Watch Tower
04:52 Watch Tower
04:58 Watch Tower
05:28 Watch Tower
06:27 Stronghold
06:35 Watch Tower
06:41 Watch Tower
07:00 Watch Tower
09:02 Watch Tower
09:07 Watch Tower
09:11 Watch Tower
09:22 Beastiary
10:32 Beastiary
10:39 Fortress
11:18 Orc Burrow
11:38 Watch Tower
11:44 Watch Tower
12:44 Beastiary
15:24 Watch Tower
16:38 Beastiary
17:03 Watch Tower
» items
| Healing Salve | 1 | |
| Lesser Clarity Potion | 1 | |
| Potion of Healing | 3 | |
| Potion of Mana | 2 | |
| Orb of Lightning | 1 | |
| Tiny Great Hall | 1 | |
9 total
Noinu (
purple | 51 APM | 881 actions | 17:20)
5 Blademaster
3 Wind Walk
2 Critical Strike
» actions
| Assign group hotkey | 4 | |
| Basic commands | 86 | |
| Build / train | 50 | |
| Enter build submenu | 23 | |
| Enter hero's abilities submenu | 5 | |
| Remove unit from queue | 2 | |
| Right click | 142 | |
| Select / deselect | 158 | |
| Select group hotkey | 357 | |
| Use ability | 54 | |
881 total
» units
» upgrades
| Spiked Barricades | 1 | |
| Ranged Weapons | 3 | |
| Liquid Fire | 1 | |
5 total
» buildings
| Altar of Storms | 1 | |
| Orc Burrow | 4 | |
| War Mill | 1 | |
| Watch Tower | 13 | |
| Voodoo Lounge | 1 | |
| Stronghold | 4 | |
| Beastiary | 2 | |
| Fortress | 1 | |
27 total
» build order
00:04 Altar of Storms
00:06 Orc Burrow
00:39 War Mill
01:53 Watch Tower
01:57 Watch Tower
02:22 Orc Burrow
03:30 Watch Tower
03:31 Watch Tower
03:42 Voodoo Lounge
04:32 Stronghold
04:33 Stronghold
04:33 Stronghold
04:40 Watch Tower
04:44 Watch Tower
05:42 Watch Tower
06:06 Watch Tower
06:55 Beastiary
06:59 Beastiary
07:03 Watch Tower
07:05 Fortress
07:26 Watch Tower
07:36 Watch Tower
08:43 Orc Burrow
09:00 Orc Burrow
09:25 Watch Tower
11:29 Watch Tower
» items
| Healing Salve | 2 | |
| Lesser Clarity Potion | 2 | |
| Orb of Lightning | 1 | |
| Scroll of Town Portal | 1 | |
6 total
Sylink (
red | 75 APM | 1297 actions | 17:19)
3 Archmage
2 Blizzard
1 Brilliance Aura
» actions
| Assign group hotkey | 19 | |
| Basic commands | 30 | |
| Build / train | 56 | |
| ESC pressed | 1 | |
| Enter build submenu | 44 | |
| Enter hero's abilities submenu | 3 | |
| Right click | 469 | |
| Select / deselect | 298 | |
| Select group hotkey | 286 | |
| Use ability | 91 | |
1297 total
» units
| Peasant | 11 | |
| Mortar Team | 6 | |
| Sorceress | 2 | |
19 total
» upgrades
| Masonry | 2 | |
| Lumber Harvesting | 1 | |
| Flare | 1 | |
| Gunpowder | 2 | |
| Armor | 1 | |
| Sorceress Training | 1 | |
| Fragmentation Shards | 1 | |
9 total
» buildings
| Altar of Kings | 1 | |
| Farm | 6 | |
| Lumber Mill | 1 | |
| Scout Tower | 27 | |
| Guard Tower | 17 | |
| Arcane Tower | 1 | |
| Keep | 1 | |
| Blacksmith | 1 | |
| Workshop | 2 | |
| Arcane Vault | 1 | |
| Arcane Sanctum | 1 | |
| Castle | 1 | |
| Town Hall | 1 | |
61 total
» build order
00:07 Altar of Kings
00:08 Farm
00:44 Lumber Mill
01:16 Scout Tower
01:23 Scout Tower
01:49 Guard Tower
01:51 Scout Tower
01:55 Farm
02:03 Arcane Tower
02:21 Guard Tower
02:26 Scout Tower
02:44 Scout Tower
02:48 Scout Tower
02:53 Guard Tower
02:54 Scout Tower
03:46 Guard Tower
04:18 Keep
04:20 Scout Tower
04:21 Scout Tower
04:41 Blacksmith
04:51 Guard Tower
05:08 Scout Tower
05:19 Guard Tower
05:20 Farm
05:38 Guard Tower
05:39 Scout Tower
06:09 Guard Tower
06:10 Scout Tower
06:29 Scout Tower
06:33 Farm
06:41 Guard Tower
06:45 Workshop
06:53 Workshop
07:14 Guard Tower
07:19 Scout Tower
07:40 Arcane Vault
08:38 Guard Tower
08:56 Farm
09:52 Arcane Sanctum
09:55 Scout Tower
09:55 Scout Tower
10:43 Guard Tower
10:44 Castle
11:09 Guard Tower
12:15 Farm
13:20 Scout Tower
13:21 Scout Tower
13:22 Scout Tower
13:23 Scout Tower
14:06 Guard Tower
14:08 Scout Tower
14:10 Scout Tower
14:11 Scout Tower
14:35 Guard Tower
14:38 Scout Tower
14:39 Scout Tower
14:41 Guard Tower
15:15 Guard Tower
15:21 Scout Tower
15:22 Scout Tower
16:49 Town Hall
» items
| Lesser Clarity Potion | 1 | |
| Scroll of Town Portal | 2 | |
| Scroll of Regeneration | 1 | |
4 total
team 2 (loser)
330C (
teal | 22 APM | 367 actions | 16:32)
2 Demon Hunter
1 Evasion
1 Mana Burn
1 Priestess of the Moon
1 Trueshot Aura
» actions
| Assign group hotkey | 11 | |
| Build / train | 39 | |
| Enter build submenu | 15 | |
| Enter hero's abilities submenu | 4 | |
| Right click | 99 | |
| Select / deselect | 160 | |
| Select group hotkey | 22 | |
| Use ability | 16 | |
367 total
» units
| Wisp | 16 | |
| Huntress | 8 | |
| Hippogryph | 3 | |
27 total
» upgrades
| Strength of the Moon | 1 | |
| Hippogryph Taming | 1 | |
| Strength of the Wild | 2 | |
| Reinforced Hides | 1 | |
5 total
» buildings
| Altar of Elders | 1 | |
| Moon Well | 6 | |
| Hunter's Hall | 1 | |
| Ancient of War | 2 | |
| Ancient Protector | 1 | |
| Tree of Ages | 1 | |
| Ancient of Wind | 1 | |
| Tree of Eternity | 1 | |
| Chimaera Roost | 1 | |
15 total
» build order
00:14 Altar of Elders
00:18 Moon Well
01:03 Moon Well
01:47 Hunter's Hall
02:13 Ancient of War
02:43 Ancient of War
03:43 Moon Well
04:57 Ancient Protector
06:23 Tree of Ages
09:03 Moon Well
09:08 Moon Well
09:20 Ancient of Wind
10:05 Moon Well
10:20 Tree of Eternity
13:19 Chimaera Roost
3vo (
orange | 112 APM | 1937 actions | 17:15)
2 Death Knight
1 Death Coil
1 Unholy Aura
1 Demon Hunter
1 Mana Burn
1 Crypt Lord
1 Impale
» actions
| Assign group hotkey | 31 | |
| Basic commands | 4 | |
| Build / train | 37 | |
| ESC pressed | 1 | |
| Enter build submenu | 15 | |
| Enter hero's abilities submenu | 4 | |
| Give item / drop item | 2 | |
| Remove unit from queue | 1 | |
| Right click | 747 | |
| Select / deselect | 169 | |
| Select group hotkey | 887 | |
| Use ability | 39 | |
1937 total
» units
| Acolyte | 4 | |
| Ghoul | 2 | |
| Crypt Fiend | 11 | |
| Obsidian Statue | 2 | |
19 total
» upgrades
| Creature Attack | 2 | |
| Web | 1 | |
| Creature Carapace | 1 | |
4 total
» buildings
| Crypt | 1 | |
| Ziggurat | 6 | |
| Graveyard | 1 | |
| Altar of Darkness | 1 | |
| Nerubian Tower | 1 | |
| Tomb of Relics | 1 | |
| Halls of the Dead | 1 | |
| Black Citadel | 1 | |
| Slaughterhouse | 1 | |
| Sacrificial Pit | 1 | |
| Boneyard | 2 | |
17 total
» build order
00:12 Crypt
00:14 Ziggurat
00:39 Graveyard
01:01 Altar of Darkness
01:19 Nerubian Tower
01:51 Ziggurat
02:07 Tomb of Relics
04:04 Ziggurat
04:36 Halls of the Dead
06:19 Ziggurat
07:04 Black Citadel
08:46 Slaughterhouse
10:04 Sacrificial Pit
10:16 Ziggurat
10:17 Ziggurat
12:32 Boneyard
12:34 Boneyard
» items
| Rod of Necromancy | 1 | |
| Dust of Appearance | 1 | |
| Sacrificial Skull | 1 | |
| Scroll of Town Portal | 1 | |
4 total
ISLAYHOODRATS (
pink | 56 APM | 974 actions | 17:18)
2 Blademaster
1 Wind Walk
1 Critical Strike
» actions
| Assign group hotkey | 20 | |
| Basic commands | 5 | |
| Build / train | 34 | |
| Enter build submenu | 10 | |
| Enter hero's abilities submenu | 2 | |
| Right click | 565 | |
| Select / deselect | 242 | |
| Select group hotkey | 56 | |
| Use ability | 40 | |
974 total
» units
| Peon | 17 | |
| Grunt | 2 | |
| Raider | 1 | |
| Demolisher | 6 | |
26 total
» upgrades
» buildings
| Altar of Storms | 1 | |
| Orc Burrow | 5 | |
| Barracks | 1 | |
| Stronghold | 1 | |
| Voodoo Lounge | 1 | |
| Beastiary | 1 | |
| War Mill | 1 | |
11 total
» build order
00:10 Altar of Storms
00:20 Orc Burrow
00:47 Barracks
01:44 Orc Burrow
02:36 Stronghold
04:28 Orc Burrow
04:33 Voodoo Lounge
07:08 Beastiary
07:39 War Mill
08:40 Orc Burrow
14:00 Orc Burrow
» items
| Lesser Clarity Potion | 1 | |
| Potion of Mana | 1 | |
| Healing Salve | 1 | |
3 total
Chat log
(16:37 / All) Sylink: lmao you suck get out
(16:43 / All) Noinu: worst players ever imho
(16:57 / All) ISLAYHOODRATS: what a bitch stratagey
(17:00 / All) ISLAYHOODRATS: suck a didc
(17:02 / All) ISLAYHOODRATS: dick
(17:07 / All) Sylink: go anytime
(17:17 / All) Sylink: BYE